 Dungeon Crawl Stone Soup version 0.25-a0-353-ged6d547 (webtiles) character file.

Game seed: 10754629927661466845, levelgen mode: deterministic

27 Eglamore the Covered (level 2, -1/27 HPs)
             Began as a Minotaur Fighter on Jan 3, 2020.
             Slain by a rat (3 damage)
             ... on level 2 of the Dungeon.
             The game lasted 00:01:54 (389 turns).

Eglamore the Covered (Minotaur Fighter)              Turns: 389, Time: 00:01:54

Health: -1/27      AC:  7    Str: 20    XL:     2   Next: 93%
Magic:  1/1        EV:  7    Int:  5    God:
Gold:   31         SH:  9    Dex:  9    Spells: 1/1 levels left

rFire    . . .     SeeInvis .   a - +0 flail
rCold    . . .     Gourm    .   c - +0 shield
rNeg     . . .     Faith    .   b - +0 scale mail
rPois    .         Spirit   .   (helmet restricted)
rElec    .         Reflect  .   (no cloak)
rCorr    .         Harm     .   (no gloves)
MR       .....                  (no boots)
Stlth    ..........             (no amulet)
HPRegen  0.09/turn              (no ring)
MPRegen  0.07/turn              (no ring)

@: no status effects
A: retaliatory headbutt, horns 2
a: no special abilities


You were on level 2 of the Dungeon.
You were not hungry.

You visited 1 branch of the dungeon, and saw 2 of its levels.

You collected 31 gold pieces.

Inventory:

Hand Weapons
 a - a +0 flail (weapon)
Armour
 b - a +0 scale mail (worn)
 c - a +0 shield (worn)
Scrolls
 g - a scroll of immolation {unknown}
Potions
 d - a potion of might
 e - a potion of cancellation {unknown}
Comestibles
 f - 2 rations
 h - 3 chunks of flesh


   Skills:
 + Level 4.0 Fighting
 + Level 2.5 Maces & Flails
 + Level 4.2 Armour
 + Level 0.4 Dodging
 + Level 4.1 Shields


You had one spell level left.
You didn't know any spells.
Your spell library was empty.

Dungeon Overview and Level Annotations

Branches:
Dungeon (1/15)

Altars:


Innate Abilities, Weirdness & Mutations

You reflexively headbutt those who attack you in melee.
You have a pair of horns on your head.


Message History

You block the hobgoblin's attack.
A gnoll comes into view. It is wielding a +0 club.
The jackal barely misses you. The hobgoblin hits you.
You barely miss the hobgoblin.
The gnoll shouts!
You headbutt the hobgoblin.
You kill the hobgoblin!
You hear an angry hiss.
You hear a shout!
The jackal barely misses you. You furiously retaliate!
You headbutt the jackal!
You kill the jackal!
The gnoll hits you from afar with a +0 spear of distortion!
Space warps horribly around you!
Ouch! That really hurt!
* * * LOW HITPOINT WARNING * * *
You are too injured to fight recklessly!
You are too injured to fight recklessly!
You are too injured to fight recklessly!
The rat bites you but does no damage. The rat bites you.
You die...

#...# #...# #...#
#...# #...# #...#
#...# #######
##)..# #..@..#
##....# #...#r###
##..)..# ## #..#
#g# #.....##
...####). #.#
##..#### #......
###r# #...#
......####..†#
###...#
#..r.....###...###
#....###).#..#.#
####.####
##...##.#


You could see a gnoll and 2 rats.

Vanquished Creatures
  A leopard gecko (D:1)
  A giant cockroach (D:1)
  3 goblins (D:1)
  A hobgoblin (D:2)
  6 jackals
  A ball python (D:1)
  A frilled lizard (D:1)
  6 kobolds
  3 rats
23 creatures vanquished.

Notes
Turn   | Place    | Note
-------+----------+-------------------------------------------
     0 | D:1      | Eglamore the Minotaur Fighter began the quest for the Orb.
     0 | D:1      | Reached XP level 1. HP: 19/19 MP: 0/0
   159 | D:1      | Reached XP level 2. HP: 24/27 MP: 1/1
   342 | D:1      | You fall into a shaft and drop 1 floor!
   375 | D:2      | HP: 1/27 [gnoll/+0 spear of distortion (14)]
   389 | D:2      | Slain by a rat

Levels and vault maps discovered:
D:1:      matt_arrival_diagonals, layout_basic, nrook_campfire,
          corexii_hall_statues_x, serial_bayou_crossing
D:2:      layout_rooms, nicolae_overflow_hidden_temple,
          chequers_temple_overflow_statue_of_worship, minmay_misc_feat_rows,
          minmay_quantized

Skill      XL: |  1  2 |
---------------+-------+-----
Armour         | 4 |  4.2
Shields        | 4 |  4.1
Fighting       | 4 |  4.0
Maces & Flails | |  2.5
Dodging        | |  0.4

Action                   || total
-------------------------++-------
Melee: Flail             ||    66
       Headbutt          ||     7
Armor: Scale mail        ||    37
Dodge: Dodged            ||    21
Block: Shield            ||    34

Table legend:
 A = Non-vault XP
 B = Vault XP
 C = Vault XP percentage of total XP
 D = Non-vault monster count
 E = Vault monster count
 F = Vault count percentage of total count
                 A         B        C        D         E       F
            +---------+---------+-------+---------+---------+-------
      Total |      39 |       0 |   0.0 |      23 |       0 |   0.0
            +---------+---------+-------+---------+---------+-------
        D:1 |      28 |       0 |   0.0 |      17 |       0 |   0.0
        D:2 |      11 |       0 |   0.0 |       6 |       0 |   0.0
            +---------+---------+-------+---------+---------+-------
